 Dungeon Crawl Stone Soup version 0.22.1-1-ga44c0e5 (webtiles) character file.

126 Fang the Chopper (level 5, -1/49 HPs)
             Began as a Gargoyle Berserker on Oct 23, 2018.
             Was a Believer of Trog.
             Slain by Pikel
             ... wielding a +1 whip of freezing
              (2 damage)
             ... on level 4 of the Dungeon.
             The game lasted 00:05:13 (2770 turns).

Fang the Chopper (Gargoyle Berserker)               Turns: 2770, Time: 00:05:13

Health: -1/49      AC:  6    Str: 27    XL:     5   Next: 10%
Magic:  5/5        EV: 12    Int:  7    God:    Trog [**....]
Gold:   156        SH:  3    Dex:  7    Spells: 4/4 levels left

rFire    . . .     SeeInvis .   r - +0 war axe
rCold    . . .     Gourm    .   (no shield)
rNeg     + . .     Faith    .   b - +0 animal skin
rPois    ∞         Spirit   .   (no helmet)
rElec    +         Reflect  +   (no cloak)
rCorr    .         Harm     .   (no gloves)
MR       .....                  (no boots)
Stlth    ..........             t - +3 amulet of reflection
HPRegen  0.16/turn              j - -2 ring of dexterity (curse)
MPRegen  0.09/turn              k - ring of wizardry

@: berserking (expiring), very quick
A: negative energy resistance 1, electricity resistance, unbreathing,
petrification resistance, rot immunity, AC +4
a: Berserk, Trog's Hand, Renounce Religion


You were on level 4 of the Dungeon.
You worshipped Trog.
Trog was pleased with you.
You were not hungry.

You visited 1 branch of the dungeon, and saw 4 of its levels.

You collected 156 gold pieces.

Inventory:

Hand Weapons
 r - a +0 war axe (weapon)
Armour
 b - a +0 animal skin (worn)
Jewellery
 j - a cursed -2 ring of dexterity (left hand)
 k - a ring of wizardry (right hand)
 t - a +3 amulet of reflection (around neck)
Scrolls
 a - 2 scrolls of amnesia {unknown}
 d - 3 scrolls of enchant armour {unknown}
 g - 3 scrolls of remove curse {unknown}
 i - a scroll of teleportation {unknown}
 l - 2 scrolls of immolation {unknown}
 m - 5 scrolls of identify {unknown}
 o - a scroll of random uselessness {unknown}
Potions
 e - a potion of cancellation {unknown}
 f - 2 potions of degeneration {unknown}
 h - 2 potions of mutation {unknown}
 n - a potion of might {unknown}
 p - a potion of invisibility {unknown}
 q - 4 potions of curing {unknown}
 s - a potion of heal wounds {unknown}
Comestibles
 c - 11 rations


   Skills:
 + Level 3.9 Fighting
 + Level 4.2 Axes
 + Level 2.4 Armour
 + Level 2.2 Dodging
 + Level 0.2 Stealth


You had 4 spell levels left.
You didn't know any spells.
Your spell library was empty.

Dungeon Overview and Level Annotations

Branches:
Dungeon (4/15)
 Temple: D:4-7

Altars:
Vehumet

Annotations:
D:4 Pikel


Innate Abilities, Weirdness & Mutations

You are resistant to torment.
Your stone body is resilient. (AC +4)
You are immune to poison.
You resist negative energy. (rN+)
You are resistant to electric shocks. (rElec)
You can survive without breathing.
You are immune to petrification.
You are immune to rotting.


Message History

* * * LOW HITPOINT WARNING * * *
You hit Pikel but do no damage.
Pikel is moderately wounded.
You barely miss the slave. You slash the slave!
The slave hits you but does no damage. The slave hits you!
* * * LOW HITPOINT WARNING * * *
Unknown command.
You hit Pikel.
Pikel is moderately wounded.
You hit the slave. x2; Pikel hits you with a whip of freezing.
* * * LOW HITPOINT WARNING * * *
Pikel freezes you.
* * * LOW HITPOINT WARNING * * *
The slave hits you but does no damage. You block the slave's attack.
You hit Pikel.
Pikel is heavily wounded.
You barely miss the slave. You slash the slave!
You kill the slave!
That felt strangely unrewarding.
Pikel hits you with a whip of freezing.
You die...

.###.##.##
###.###.##.##
.............
##.###.##.## #.##.##
#.##...
##############.##...
#..............##...
###@#############...
#...[Kp...... #...
#####w####### #..(
#.# #... ... ....
... . ... # .....


You could see Pikel, a slave and a worm.

Vanquished Creatures
  3 slaves (D:4)
  A scorpion (D:4)
  2 adders (D:2)
  An ooze (D:2)
  An adder skeleton (D:4)
  A dart slug (D:2)
  A leopard gecko (D:1)
  An orc (D:3)
  6 bats
  4 giant cockroaches
  6 goblins
  7 hobgoblins
  3 quokkas (D:2)
  A ball python (D:1)
  3 frilled lizards (D:1)
  8 kobolds
  2 rats (D:1)
51 creatures vanquished.

Notes
Turn   | Place    | Note
-------+----------+-------------------------------------------
     0 | D:1      | Fang the Gargoyle Berserker began the quest for the Orb.
     0 | D:1      | Reached XP level 1. HP: 14/14 MP: 1/1
   193 | D:1      | Reached skill level 3 in Axes
   193 | D:1      | Reached XP level 2. HP: 19/19 MP: 2/2
  1016 | D:2      | Reached XP level 3. HP: 12/23 MP: 3/3
  1350 | D:2      | Found a radiant altar of Vehumet.
  1371 | D:2      | Reached ** piety under Trog
  1478 | D:2      | Reached XP level 4. HP: 19/29 MP: 4/4
  2507 | D:4      | Reached skill level 4 in Axes
  2507 | D:4      | Reached XP level 5. HP: 14/33 MP: 5/5
  2753 | D:4      | Noticed a slave
  2753 | D:4      | Noticed a slave
  2754 | D:4      | Noticed a slave
  2755 | D:4      | Noticed Pikel
  2757 | D:4      | Noticed a slave
  2765 | D:4      | Killed a slave
  2766 | D:4      | Killed a slave
  2769 | D:4      | HP: 2/49 [Pikel/whip of freezing (3)]
  2770 | D:4      | Killed a slave
  2770 | D:4      | Slain by Pikel

Skill      XL: |  1  2  3  4 |
---------------+-------------+-----
Axes           | 3 4 |  4.2
Dodging        | 2 |  2.2
Fighting       | |  3.9
Armour         | |  2.4
Stealth        | |  0.2

Action                   |  1- 3 |  4- 6 || total
-------------------------+-------+-------++-------
Melee: Hand axe          |   123 |    13 ||   136
       War axe           |       |    48 ||    48
Invok: Berserk           |       |     1 ||     1
  Eat: Chunk             |     2 |     2 ||     4
       Ration            |       |     1 ||     1
Armor: Animal skin       |    53 |    16 ||    69
Dodge: Dodged            |   117 |    46 ||   163
Block: Other             |       |     1 ||     1
